 Dungeon Crawl Stone Soup version 0.31-a0-149-g3fdcc5976a (webtiles) character file.

Game seed: 14884138282377752530

505 qw the Skirmisher (level 6, -3/56 HPs)
             Began as a Minotaur Hunter on June 7, 2023.
             Slain by a bullfrog zombie (4 damage)
             ... in an ossuary.
             The game lasted 00:01:23 (3431 turns).

qw the Skirmisher (Minotaur Hunter)                 Turns: 3431, Time: 00:01:23

Health: -3/56      AC:  6    Str: 16    XL:     6   Next: 96%
Magic:  5/5        EV: 17    Int:  6    God:
Gold:   255        SH:  0    Dex: 15    Spells: 5/5 levels left

rFire   . . .        Y - +0 shortbow
rCold   . . .        (shield currently unavailable)
rNeg    . . .        l - +3 leather armour {rPois}
rPois   +            (helmet restricted)
rElec   .            (no cloak)
rCorr   .            (no gloves)
SInv    .            (no boots)
Will    .....        (no amulet)
Stlth   +            j - +5 ring of evasion
HPRegen 0.29/turn    (no ring)
MPRegen 0.09/turn

%: no passive effects
@: no status effects
A: horns 2, retaliatory headbutt
a: no special abilities


You were in an ossuary.
You visited 1 branch of the dungeon, and saw 5 of its levels.
You also visited: Ossuary.

You collected 255 gold pieces.


Innate Abilities, Weirdness & Mutations

You have a pair of horns on your head.
You reflexively headbutt those who attack you in melee.


   Skills:
 - Level 5.1 Fighting
 - Level 8.0 Ranged Weapons
 + Level 2.8 Dodging
 - Level 0.7 Stealth


You had 5 spell levels left.
You didn't know any spells.
Your spell library was empty.

Inventory:

Hand Weapons
 Y - a +0 shortbow (weapon)
Armour
 l - a +3 leather armour of poison resistance (worn)
Jewellery
 j - a +5 ring of evasion (left hand)
Scrolls
 g - a scroll of identify
Potions
 a - a potion of ambrosia {unknown}
 b - a potion of heal wounds {unknown}
 d - a potion of lignification {unknown}
 e - a potion of attraction {unknown}
 f - a potion of haste
 i - a potion of mutation {unknown}
 k - 4 potions of curing

Dungeon Overview and Level Annotations

Branches:
Dungeon (5/15)            Ossuary (1/1)
 Temple: D:4-7

Altars:

Shops:
D:2 (


Message History

The bullfrog zombie barely misses you.
You shoot an arrow. The arrow barely misses the mummy.
The bullfrog zombie hits you. The mummy hits you!
You shoot an arrow.
The arrow hits the mummy but does no damage.
The bullfrog zombie hits you but does no damage.
You shoot an arrow. The arrow hits the mummy.
The mummy is lightly damaged.
The bullfrog zombie hits you but does no damage.
The mummy hits you! The bullfrog zombie closely misses you.
The mummy closely misses you.
You shoot an arrow. The arrow barely misses the mummy.
The bullfrog zombie hits you but does no damage.
The mummy barely misses you.
A mummy comes into view.
You shoot an arrow. The arrow barely misses the mummy.
The bullfrog zombie hits you but does no damage.
The mummy hits you!
You shoot an arrow. The arrow barely misses the mummy.
The bullfrog zombie hits you. The mummy misses you.
The bullfrog zombie hits you but does no damage.
The mummy misses you. You furiously retaliate!
You headbutt the mummy! You shoot an arrow.
The arrow hits the mummy but does no damage.
The mummy is severely damaged.
The bullfrog zombie misses you. You furiously retaliate!
You headbutt the bullfrog zombie! You shoot an arrow. The arrow hits the mummy!
You destroy the mummy!
The bullfrog zombie hits you. The mummy misses you.
You shoot an arrow.
The arrow closely misses the bullfrog zombie.
The killer bee zombie misses you. The bullfrog zombie barely misses you.
The killer bee zombie hits you.
You shoot an arrow. The arrow hits the bullfrog zombie!
The bullfrog zombie is heavily damaged.
The killer bee zombie hits you but does no damage.
The killer bee zombie closely misses you.
The bullfrog zombie hits you.
You die...

##### #..\#
#.\.# #...#
##@##
#.'..ZMZ......
###'#M#M#+#'#'
# #. .# ## ##


You could see 3 mummies, a bullfrog zombie and a killer bee zombie.

Vanquished Creatures
  An ogre (D:4)
  2 scorpions (D:4)
  An orc priest (D:4)
  Ijyb (D:4)
  3 orc wizards (D:4)
  3 mummies (Ossuary)
  Robin (D:2)
  5 adders
  An ufetubus (D:3)
  A worm (D:2)
  A dart slug (D:2)
  7 orcs
  2 bats
  2 endoplasms
  3 giant cockroaches
  9 hobgoblins
  3 jackals (D:4)
  2 ball pythons
  4 frilled lizards
  11 goblins
  A goblin zombie (D:5)
  8 kobolds
  A rat (D:3)
  A rat zombie (D:5)
74 creatures vanquished.

Notes
Turn   | Place    | Note
-------+----------+-------------------------------------------
     0 | D:1      | qw the Minotaur Hunter began the quest for the Orb.
     0 | D:1      | Reached XP level 1. HP: 18/18 MP: 0/0
     0 | D:1      | 0 ||| qw: Version: 0.2-a-117-gc6b5c8b
     0 | D:1      | 0 ||| qw: Game counter: 2600
     0 | D:1      | 0 ||| qw: Always use a shield: true
     0 | D:1      | 0 ||| qw: God list: Okawaru
     0 | D:1      | 0 ||| qw: Allow faded altars: false
     0 | D:1      | 0 ||| qw: Do Orc after D:15 true
     0 | D:1      | 0 ||| qw: Do second Lair branch before Depths: true
     0 | D:1      | 0 ||| qw: Lair rune preference: random
     0 | D:1      | 0 ||| qw: Plans: Normal
     0 | D:1      | 0 ||| PLANNING D:1-11
   195 | D:1      | 195 ||| READING scroll labelled NASOBRISYMP.
   196 | D:1      | 196 ||| DROPPING scroll of butterflies.
   240 | D:1      | Reached XP level 2. HP: 25/25 MP: 1/1
   291 | D:1      | Reached skill level 5 in Ranged Weapons
   444 | D:1      | 444 ||| READING scroll labelled ZINACA MUOMP.
   466 | D:2      | 466 ||| STAIRDANCE
   532 | D:2      | Reached skill level 3 in Fighting
   532 | D:2      | 532 ||| FLEEEEING.
   533 | D:2      | 533 ||| FLEEEEING.
   534 | D:2      | 534 ||| FLEEEEING.
   535 | D:2      | 535 ||| FLEEEEING.
   536 | D:2      | 536 ||| FLEEEEING.
   537 | D:2      | 537 ||| FLEEEEING.
   538 | D:2      | 538 ||| FLEEEEING.
   539 | D:2      | 539 ||| FLEEEEING.
   540 | D:2      | 540 ||| FLEEEEING.
   541 | D:2      | 541 ||| FLEEEEING.
   542 | D:2      | 542 ||| FLEEEEING.
   543 | D:2      | 543 ||| FLEEEEING.
   544 | D:2      | 544 ||| STAIRDANCE
   608 | D:2      | Reached XP level 3. HP: 31/31 MP: 2/2
   650 | D:2      | Found Osam's Antique Weapon Emporium.
   657 | D:2      | 657 ||| SHOPLISTING glowing sling (90 gold, have 64).
   746 | D:2      | Noticed Robin
   756 | D:2      | Killed Robin
  1021 | D:2      | Found a faded altar of an unknown god.
  1171 | D:2      | 1171 ||| DROPPING ring of wizardry.
  1172 | D:2      | 1172 ||| READING scroll labelled KIUCLUPL WUNAT.
  1225 | D:2      | 1225 ||| READING scroll labelled QATOZAGGEVOI.
  1255 | D:3      | 1255 ||| STAIRDANCE
  1260 | D:2      | Reached XP level 4. HP: 13/38 MP: 3/3
  1410 | D:3      | Reached skill level 6 in Ranged Weapons
  2046 | D:3      | 2046 ||| DROPPING +6 ring of intelligence.
  2047 | D:3      | 2047 ||| READING scroll labelled FOIDIFIEMM.
  2048 | D:3      | 2048 ||| READING scroll labelled JOEDIY QOLIUTA.
  2050 | D:3      | 2050 ||| Stepping ~*~*~tactically~*~*~ (cloud).
  2263 | D:4      | Noticed a scorpion
  2270 | D:4      | Killed a scorpion
  2271 | D:4      | Reached XP level 5. HP: 41/46 MP: 4/4
  2306 | D:4      | 2306 ||| FLEEEEING.
  2307 | D:4      | 2307 ||| FLEEEEING.
  2308 | D:4      | 2308 ||| FLEEEEING.
  2537 | D:4      | Reached skill level 7 in Ranged Weapons
  2541 | D:4      | Noticed an ogre
  2548 | D:4      | Reached XP level 6. HP: 47/52 MP: 5/5
  2552 | D:4      | Reached skill level 8 in Ranged Weapons
  2663 | D:4      | Noticed Ijyb
  2666 | D:4      | 2666 ||| FLEEEEING.
  2667 | D:4      | 2667 ||| FLEEEEING.
  2668 | D:4      | 2668 ||| FLEEEEING.
  2687 | D:4      | Killed Ijyb
  2797 | D:4      | 2797 ||| Stepping ~*~*~tactically~*~*~ (outnumbered).
  2798 | D:4      | 2798 ||| Stepping ~*~*~tactically~*~*~ (outnumbered).
  2799 | D:4      | 2799 ||| Stepping ~*~*~tactically~*~*~ (outnumbered).
  2800 | D:4      | 2800 ||| Stepping ~*~*~tactically~*~*~ (outnumbered).
  2801 | D:4      | 2801 ||| Stepping ~*~*~tactically~*~*~ (outnumbered).
  2808 | D:4      | HP: 12/52 [orc priest/+0 falchion (2)]
  2809 | D:4      | 2809 ||| READING scroll of teleportation.
  2833 | D:4      | 2833 ||| FLEEEEING.
  2899 | D:4      | 2899 ||| FLEEEEING.
  3353 | D:4      | 3353 ||| UPGRADING to +3 leather armour of poison
                  | resistance.
  3363 | D:4      | 3363 ||| DROPPING +0 leather armour.
  3364 | D:4      | 3364 ||| DROPPING amulet of magic regeneration.
  3365 | D:4      | 3365 ||| UPGRADING to +5 ring of evasion.
  3366 | D:4      | 3366 ||| DRINKING 2 brown potions.
  3367 | D:4      | 3367 ||| DRINKING 5 amethyst potions.
  3384 | D:5      | Entered Level 5 of the Dungeon
  3385 | D:5      | 3385 ||| PLANNING OSSUARY
  3392 | D:5      | Found a sand-covered staircase.
  3403 | Ossuary  | Entered an ossuary
  3424 | Ossuary  | HP: 11/56 [mummy (11)]
  3426 | Ossuary  | HP: 4/56 [mummy (8)]
  3430 | Ossuary  | HP: 1/56 [killer bee zombie (1)]
  3431 | Ossuary  | Slain by a bullfrog zombie

Levels and vault maps discovered:
D:1:      co_arrival_square_in_a_square_in_a_square, layout_rooms,
          serial_bayou_lagoon_b
D:2:      layout_loops_ring, dreamdust_ecumenical_altar_angels_and_demons,
          serial_shops, nicolae_shop_statue_plus, uniq_robin
D:3:      layout_basic, dreamdust_mushroom_princess
D:4:      layout_cave_pods, st_stairs_13, grunt_ministairs_1, uniq_ijyb
D:5:      layout_basic, enter_ossuary_4, minmay_misc_feat_pillars, uniq_edmund
Ossuary:  ossuary_zaba_flooded

Skill      XL: |  1  2  3  4  5  6 |
---------------+-------------------+-----
Ranged Weapons | 5 6 7 8 |  8.0
Fighting       | 3 4 5 |  5.1
Dodging        | |  2.8
Stealth        | |  0.7

Action                     |  1- 3 |  4- 6 || total
---------------------------+-------+-------++-------
   Fire: Shortbow          |   104 |   158 ||   262
    Use: Scroll            |     4 |     3 ||     7
         Potion            |       |     2 ||     2
 Armour: Leather armour    |    11 |    23 ||    34
  Dodge: Dodged            |    33 |    48 ||    81

Table legend:
 A = Non-vault XP
 B = Vault XP
 C = Vault XP percentage of total XP
 D = Non-vault monster count
 E = Vault monster count
 F = Vault count percentage of total count
                 A         B        C        D         E       F
            +---------+---------+-------+---------+---------+-------
      Total |     453 |     269 |  37.3 |      58 |      16 |  21.6
            +---------+---------+-------+---------+---------+-------
        D:1 |      19 |       0 |   0.0 |      12 |       0 |   0.0
        D:2 |      59 |      27 |  31.4 |      19 |       7 |  26.9
        D:3 |      32 |       0 |   0.0 |       9 |       0 |   0.0
        D:4 |     343 |     183 |  34.8 |      18 |       4 |  18.2
        D:5 |       0 |       2 | 100.0 |       0 |       2 | 100.0
    Ossuary |       0 |      57 | 100.0 |       0 |       3 | 100.0
            +---------+---------+-------+---------+---------+-------
